 Dungeon Crawl Stone Soup version 0.29.0-5-ge4962eb29e (webtiles) character file.

Game seed: 11909936542149292473

3065 Anothat the Cleaver (level 10, 0/80 HPs)
             Began as a Formicid Fighter on Aug 28, 2022.
             Slain by a gnoll
             ... wielding a +0 whip
             ... led by a gnoll bouda
              (3 damage)
             ... on level 6 of the Dungeon.
             The game lasted 00:14:09 (8700 turns).

Anothat the Cleaver (Formicid Fighter)              Turns: 8700, Time: 00:14:09

Health: 0/80       AC: 14    Str: 26    XL:     10   Next: 12%
Magic:  10/10      EV:  8    Int:  7    God:
Gold:   301        SH:  7    Dex: 19    Spells: 9/9 levels left

rFire   . . .      SeeInvis +   d - +2 great mace
rCold   . . .      Faith    .   c - +0 buckler
rNeg    + . .      Spirit   .   l - +3 chain mail {rN+}
rPois   +          Reflect  .   (helmet unavailable)
rElec   .          Harm     .   (no cloak)
rCorr   .          Rampage  .   f - +1 pair of gloves
Will    +....                   (no boots)
Stlth   ..........              (no amulet)
HPRegen 0.23/turn               i - +6 ring of dexterity
MPRegen 0.12/turn               k - ring of poison resistance

@: mighty
A: permanent stasis, dig shafts and tunnels, antennae 3, four strong arms
a: Dig, Shaft Self


You were on level 6 of the Dungeon.
You visited 1 branch of the dungeon, and saw 8 of its levels.

You collected 301 gold pieces.

Inventory:

Hand Weapons
 a - a +0 war axe
 d - a +2 great mace (weapon)
Missiles
 s - 2 javelins
 z - 2 throwing nets
Armour
 c - a +0 buckler (worn)
 f - a +1 pair of gloves (worn)
 l - a +3 chain mail of positive energy (worn)
 v - a +0 chain mail
Jewellery
 b - a ring of protection from fire
 i - a +6 ring of dexterity (left hand)
 k - a ring of poison resistance (right hand)
 o - a ring of flight
 p - an amulet of magic regeneration
 y - an amulet of faith
Wands
 g - a wand of light (1)
 r - a wand of flame (29)
 x - a wand of charming (6)
Scrolls
 j - a scroll of summoning
 n - 4 scrolls of identify
 t - a scroll of poison {unknown}
 A - a scroll of enchant armour
Potions
 e - 2 potions of attraction
 h - a potion of haste
 m - a potion of lignification {unknown}
 u - a potion of resistance {unknown}
 w - a potion of berserk rage {unknown}


   Skills:
 + Level 8.1 Fighting
 * Level 9.8 Axes
 - Level 3.2 Armour
 + Level 9.6 Shields


You had 9 spell levels left.
You didn't know any spells.
Your spell library contained the following spells:

 Spells                   Type           Power      Damage    Failure   Level
 Beastly Appendage        Tmut           0%         N/A       98%         1
 Foxfire                  Conj/Fire      0%         2x1d4     98%         1
 Magic Dart               Conj           0%         1d3       98%         1
 Sandblast                Erth           0%         2d4       98%         1
 Call Imp                 Summ           0%         N/A       99%         2
 Passwall                 Tmut/Erth      0%         N/A       99%         2
 Wereblood                Tmut           0%         N/A       99%         2
 Conjure Flame            Conj/Fire      0%         6-21      100%        3
 Ignite Poison            Fire/Tmut/Pois 0%         N/A       100%        3
 Inner Flame              Hex/Fire       0%         N/A       100%        3
 Mephitic Cloud           Conj/Pois/Air  0%         N/A       100%        3
 Spider Form              Tmut/Pois      0%         N/A       100%        3
 Stone Arrow              Conj/Erth      0%         3d7       100%        3
 Flame Wave               Conj/Fire      0%         2d4       100%        4
 Freezing Cloud           Conj/Ice/Air   0%         6-21      100%        5


Dungeon Overview and Level Annotations

Branches:
Dungeon (8/15)             Temple (0/1) D:6
   Lair: D:8-11

Altars:
Cheibriados

Shops:
D:3 (

Portals:
Abyss: D:7

Annotations:
D:7 2 transporters, arrururu's ghost, amateur HOFi


Innate Abilities, Weirdness & Mutations

You cannot be hasted, slowed, berserked, paralysed or teleported.
You can dig through walls and to a lower floor.
You have a pair of large antennae on your head. (SInv)
Your four strong arms can wield two-handed weapons with a shield.


Message History

You bludgeon the yak!!
The yak is almost dead.
A gnoll comes into view. It is wielding a +0 spear.
The yak barely misses you. x2; The gnoll moves out of view.
You bludgeon the yak!!
You kill the yak!
Your Fighting skill increases to level 8!
You barely miss the gnoll bouda.
The gnoll shouts!
The gnoll bouda hits you but does no damage.
The gnoll bouda hits you with a +0 whip.
* * * LOW HITPOINT WARNING * * *
You sock the gnoll bouda!
The gnoll bouda is heavily wounded.
The gnoll is no longer moving quickly.
The gnoll bouda hits you with a +0 whip!
* * * LOW HITPOINT WARNING * * *
You sock the gnoll bouda!
The gnoll bouda is almost dead.
The gnoll is no longer moving quickly. x2; You block the gnoll bouda's attack.
Okay, then.
You sock the gnoll bouda!
You kill the gnoll bouda!
The yak gores you but does no damage.
Okay, then.
You sock the yak!
The yak is moderately wounded.
The yak gores you but does no damage.
Okay, then.
You hit the yak.
The yak is heavily wounded.
The yak completely misses you. You block the yak's attack.
You bludgeon the yak!!
You kill the yak!
The gnoll hits you with a +0 whip.
* * * LOW HITPOINT WARNING * * *
You barely miss the gnoll. The gnoll hits you but does no damage.
You block the gnoll's attack. x2
You closely miss the gnoll. The gnoll hits you with a +0 whip.
You die...

.............#.............####..
..........................## #..
...................##. ... #...
..#........##.... #... .
#...###..##.#.. .... ...........#
. #.......#..## ...
.......###.#######....
...........@gg.$.....
.##....#..##g......#
##.....†.##.......
##.#.#....Y..#### #.......###...#
...#...#.. #..# .#..... .#. $...
...>. ... #... #..... .# . ...


You could see 3 gnolls.

Vanquished Creatures
  Sigmund (D:3)
  A wyvern (D:7)
  5 yaks (D:6)
  Duvessa (D:7)
  An orc warrior (D:7)
  2 sky beasts
  2 ogres
  A centaur (D:6)
  A kobold brigand (D:6)
  2 bullfrogs (D:7)
  4 scorpions
  A necrophage (D:5)
  Dowan (D:7)
  5 orc priests
  3 hounds (D:5)
  Crazy Yiuf (D:5)
  A gnoll bouda (D:6)
  3 jellies
  4 iguanas
  Jessica (D:3)
  Terence (D:3)
  An orc wizard (D:5)
  Robin (D:2)
  10 gnolls (D:5)
  4 adders
  A shadow imp (D:8)
  2 white imps
  An ufetubus (D:5)
  2 worms
  2 dart slugs
  14 orcs
  6 endoplasms
  3 giant cockroaches
  11 goblins
  9 hobgoblins
  6 jackals
  11 kobolds
  3 quokkas
  4 ball pythons
  2 bats
  4 frilled lizards
  5 rats
144 creatures vanquished.

Vanquished Creatures (others)
  2 goblins (D:2)
  3 plants (D:1)
5 creatures vanquished.

Grand Total: 149 creatures vanquished

Notes
Turn   | Place    | Note
-------+----------+-------------------------------------------
     0 | D:1      | Anothat the Formicid Fighter began the quest for the Orb.
     0 | D:1      | Reached XP level 1. HP: 18/18 MP: 1/1
   190 | D:1      | Reached XP level 2. HP: 16/24 MP: 2/2
   615 | D:1      | Reached XP level 3. HP: 26/29 MP: 3/3
   776 | D:1      | Found a faded altar of an unknown god.
  1025 | D:2      | Noticed Robin
  1058 | D:2      | Killed Robin
  1059 | D:2      | Reached XP level 4. HP: 29/37 MP: 4/4
  1935 | D:3      | Noticed Sigmund
  1938 | D:3      | Killed Sigmund
  1939 | D:3      | Reached skill level 5 in Shields
  1939 | D:3      | Reached XP level 5. HP: 40/43 MP: 5/5
  1939 | D:3      | Reached XP level 6. HP: 46/49 MP: 6/6
  2170 | D:3      | Found Ceichexe's Antique Weapon Shoppe.
  2231 | D:3      | Noticed Jessica
  2233 | D:3      | Killed Jessica
  2427 | D:3      | Noticed Terence
  2451 | D:3      | Killed Terence
  3216 | D:4      | Reached skill level 5 in Axes
  3216 | D:4      | Reached XP level 7. HP: 17/55 MP: 7/7
  3504 | D:4      | Reached skill level 5 in Fighting
  4902 | D:5      | Entered Level 5 of the Dungeon
  4983 | D:5      | Reached XP level 8. HP: 5/64 MP: 8/8
  6081 | D:5      | Found a runed translucent door.
  6082 | D:5      | Noticed Crazy Yiuf
  6396 | D:5      | Killed Crazy Yiuf
  6697 | D:7      | Noticed a wyvern
  6711 | D:7      | Killed a wyvern
  7286 | D:7      | Reached XP level 9. HP: 69/71 MP: 9/9
  7485 | D:7      | Noticed Duvessa
  7485 | D:7      | Noticed Dowan
  7502 | D:7      | Killed Duvessa
  7512 | D:7      | Killed Dowan
  7798 | D:7      | Found a transporter.
  7801 | D:7      | Found a transporter.
  7807 | D:7      | Found a snail-covered altar of Cheibriados.
  7873 | D:7      | Found a one-way gate to the infinite horrors of the Abyss.
  8355 | D:7      | Noticed arrururu's ghost (amateur HOFi)
  8629 | D:6      | Found a staircase to the Ecumenical Temple.
  8686 | D:6      | Reached XP level 10. HP: 13/80 MP: 10/10
  8693 | D:6      | HP: 3/80 [gnoll bouda/+0 whip (7)]
  8698 | D:6      | HP: 2/80 [gnoll/+0 whip[a gnoll bouda] (3)]
  8700 | D:6      | Slain by a gnoll

Illustrated notes

Levels and vault maps discovered:
D:1:      minmay_arrival_four_houses, layout_basic,
          dilly_ecumenical_altar_fadedgnrine, minivault_23
D:2:      layout_basic, uniq_robin
D:3:      layout_rooms, serial_shops, nicolae_shop_trees, grunt_ministairs_11,
          serial_bayou_ford_a, uniq_terence, uniq_jessica, uniq_sigmund
D:4:      layout_layer_cave
D:5:      layout_cave_pools, grunt_ministairs_3, nrook_pool_corridor,
          uniq_crazy_yiuf_cottage
D:6:      layout_cave_pools, minmay_temple_entry_sparse_star
D:7:      layout_layer_cave, kennysheep_slug_shrine,
          gammafunk_ghost_abyssal_escape, st_stairs_5, minmay_holes,
          uniq_duvessa
D:8:      due_megacathedral, layout_rooms, lemuel_doored_altar

Skill      XL: |  1  2  3  4  5  6  7  8  9 10 |
---------------+-------------------------------+-----
Axes           | 3 4 5 6 7 9 |  9.8
Fighting       | 4 5 6 7 8 |  8.1
Shields        | 5 6 7 9 |  9.6
Armour         | |  3.2

Action                   |  1- 3 |  4- 6 |  7- 9 | 10-12 || total
-------------------------+-------+-------+-------+-------++-------
Melee: War axe           |    68 |    95 |    75 |       ||   238
       Great mace        |       |       |   170 |    13 ||   183
Evoke: Wand              |       |     3 |    11 |       ||    14
  Use: Potion            |     4 |       |     5 |     2 ||    11
       Scroll            |       |     6 |     7 |       ||    13
 Stab: Invisible         |       |       |     1 |       ||     1
Armor: Scale mail        |    46 |    29 |    36 |       ||   111
       Chain mail        |       |       |   151 |     6 ||   157
Dodge: Dodged            |    47 |    38 |   128 |     3 ||   216
Block: Buckler           |    23 |    18 |   119 |     5 ||   165
